Workbook
Name Items: #REF!
Name КВСР: [1]список!$D$2:$D$17
Name НаименДолжн: '[1]Штатное расписание'!$B$8:$B$307
Name Организация: OFFSET([1]список!$E$1,MATCH('[1]Данные по учрежд'!$B$2,[1]список!$E$1:$E$65536,0)-1,1,COUNTIF([1]список!$E$1:$E$65536,'[1]Данные по учрежд'!$B$2),1)
Name СубКОСГУ: [1]список!$B$1:$B$17
Name ТипСредств: [1]список!$C$2:$C$8
Name ЭКР: [1]список!$A$2:$A$21

Sheet Ведом
A1: 5) Приложение 5 к Решению изложить в следующей редакции:
A2: "Приложение 5
A3: к решению Собрания представителей
A4: муниципального района Клявлинский Самарской области
A5: "О бюджете муниципального района Клявлинский Самарской области
A6: на 2025 год и плановый период 2026 и 2027 годов"
A8: 0 | B8: ЕСЛИ(E7=0;ЕСЛИ(D7=0;ЕСЛИ(C7=0;ИНДЕКС(ГРБС!B$1:B$10;ПОИСКПОЗ(A7;ГРБС!A$1:A$10;0));ИНДЕКС(ФКР!B$1:B$113;ПОИСКПОЗ(ЛЕВСИМВ(ЗНАЧЕН(C7);4);ЛЕВСИМВ(ЗНАЧЕН(ФКР!A$1:A$113);4);0)));ИНДЕКС(КЦСР!B$1:B$1024;ПОИСКПОЗ(ЛЕВСИМВ(ЗНАЧЕН(D7);7);ЛЕВСИМВ(ЗНАЧЕН(КЦСР!A$1:A$1024);7);0)));ИНДЕКС(КВР!B$1:B$150;ПОИСКПОЗ(ЛЕВСИМВ(ЗНАЧЕН(E7);3);ЛЕВСИМВ(ЗНАЧЕН(КВР!A$1:A$150);3);0))) | C8: 0 | D8: 0 | E8: 0 | F8: 0 | G8: 0
A9: Ведомственная структура расходов бюджета муниципального района Клявлинский Самарской области на плановый период 2026-2027 годов
I10: тыс.руб.
A11: код ГРБС | B11: Наименование главного распорядителя средств муниципального бюджета, раздела подраздела, целевой статьи, групп и подгрупп видов расходов | C11: Рз Пр | D11: ЦСР | E11: ВР | F11: Сумма, тыс. руб.
F13: 2026 год | H13: 2027 год
F14: Всего | G14: в том числе за счет безвозмезд-ных поступлений имеющие целевое назначение из вышестоящих бюджетов | H14: Всего | I14: в том числе за счет безвозмезд-ных поступлений имеющие целевое назначение из вышестоящих бюджетов
A15: 922 | B15: Муниципальное казенное учреждение "Управление финансами муниципального района Клявлинский Самарской области" | C15: 0 | D15: 0 | E15: 0 | F15: =F16+F30+F46+F52+F59+F65+F42 -> 50633.443 | G15: =G16+G30+G46+G52+G59+G65+G42 -> 310 | H15: =H16+H30+H46+H52+H59+H65+H42 -> 49130.49 | I15: =I16+I30+I46+I52+I59+I65+I42 -> 310
A16: 0 | B16: Функционирование Правительства Российской Федерации, высших исполнительных органов государственной власти субъектов Российской Федерации, местных администраций | C16: 104 | D16: 0 | E16: 0 | F16: =F17 -> 898.193 | G16: 0 | H16: =H17 -> 898.193 | I16: 0
A17: 0 | B17: Муниципальная программа "Управление муниципальными финансами и развитие межбюджетных отношений на 2018-2027 годы" | C17: 104 | D17: 0100000000 | E17: 0 | F17: =F22+F24 -> 898.193 | G17: 0 | H17: =H22+H24 -> 898.193 | I17: 0
A18: 0 | B18: Муниципальная программа "Управление муниципальными финансами и развитие межбюджетных отношений на 2014-2020 годы" | C18: 104 | D18: 0100000000 | E18: 0 | F18: 0 | G18: 0 | H18: 0 | I18: 0
A19: 0 | B19: Расходы на обеспечение выполнения функций органами местного самоуправления | C19: 104 | D19: 0100111000 | E19: 0 | F19: 0 | G19: 0 | H19: 0 | I19: 0
A20: 0 | B20: Расходы на обеспечение выполнения функций органами местного самоуправления | C20: 104 | D20: 0100111000 | E20: 0 | F20: 0 | G20: 0 | H20: 0 | I20: 0
A21: 0 | B21: Расходы на обеспечение выполнения функций органами местного самоуправления | C21: 104 | D21: 0100111000 | E21: 0 | F21: 0 | G21: 0 | H21: 0 | I21: 0
A22: 0 | B22: Расходы на выплаты персоналу в целях обеспечения выполнения функций государственными (муниципальными) органами, казенными учреждениями, органами управления государственными внебюджетными фондами | C22: 104 | D22: 0100000000 | E22: 100 | F22: =F23 -> 898.193 | G22: 0 | H22: =H23 -> 898.193 | I22: 0
A23: 0 | B23: Расходы на выплаты персоналу государственных (муниципальных) органов | C23: 104 | D23: 0100000000 | E23: 120 | F23: 898.193 | H23: 898.193 | I23: 0
A24: 0 | B24: Закупка товаров, работ и услуг для обеспечения государственных (муниципальных) нужд | C24: 104 | D24: 0100000000 | E24: 200 | F24: =F25 -> 0 | G24: 0 | H24: =H25 -> 0 | I24: 0
A25: 0 | B25: Иные закупки товаров, работ и услуг для обеспечения государственных (муниципальных) нужд | C25: 104 | D25: 0100000000 | E25: 240 | I25: 0
A26: 0 | B26: Иные бюджетные ассигнования | C26: 104 | D26: 0100111000 | E26: 800 | F26: 0 | G26: 0 | H26: 0 | I26: 0
A27: 0 | B27: Уплата налогов, сборов и иных платежей | C27: 104 | D27: 0100111000 | E27: 850 | F27: 0 | G27: 0 | H27: 0 | I27: 0
B28: Иные бюджетные ассигнования | C28: 104 | D28: 0100111000 | E28: 800 | F28: =F29 -> 0 | H28: =H29 -> 0
B29: Уплата налогов, сборов и иных платежей | C29: 104 | D29: 0100111000 | E29: 850 | F29: 0 | H29: 0
A30: 0 | B30: Обеспечение деятельности финансовых, налоговых и таможенных органов и органов финансового (финансово-бюджетного) надзора | C30: 106 | D30: 0 | E30: 0 | F30: =F31 -> 15395.461 | G30: 0 | H30: =H31 -> 15395.461 | I30: 0
A31: 0 | B31: Муниципальная программа "Управление муниципальными финансами и развитие межбюджетных отношений на 2018-2027 годы" | C31: 106 | D31: 0100000000 | E31: 0 | F31: =F36+F38+F40 -> 15395.461 | G31: 0 | H31: =H36+H38+H40 -> 15395.461 | I31: 0
A32: 0 | B32: Муниципальная программа "Управление муниципальными финансами и развитие межбюджетных отношений на 2014-2020 годы" | C32: 106 | D32: 0100000000 | E32: 0 | F32: 0 | G32: 0 | H32: 0 | I32: 0
A33: 0 | B33: Расходы на обеспечение выполнения функций органами местного самоуправления | C33: 106 | D33: 0100111000 | E33: 0 | F33: 0 | G33: 0 | H33: 0 | I33: 0
A34: 0 | B34: Расходы на обеспечение выполнения функций органами местного самоуправления | C34: 106 | D34: 0100111000 | E34: 0 | F34: 0 | G34: 0 | H34: 0 | I34: 0
A35: 0 | B35: Расходы на обеспечение выполнения функций органами местного самоуправления | C35: 106 | D35: 0100111000 | E35: 0 | F35: 0 | G35: 0 | H35: 0 | I35: 0
A36: 0 | B36: Расходы на выплаты персоналу в целях обеспечения выполнения функций государственными (муниципальными) органами, казенными учреждениями, органами управления государственными внебюджетными фондами | C36: 106 | D36: 0100000000 | E36: 100 | F36: =F37 -> 14977.344 | G36: 0 | H36: =H37 -> 14977.344 | I36: 0
A37: 0 | B37: Расходы на выплаты персоналу государственных (муниципальных) органов | C37: 106 | D37: 0100000000 | E37: 120 | F37: 14977.344 | H37: 14977.344 | I37: 0
A38: 0 | B38: Закупка товаров, работ и услуг для обеспечения государственных (муниципальных) нужд | C38: 106 | D38: 0100000000 | E38: 200 | F38: =F39 -> 418.117 | G38: 0 | H38: =H39 -> 418.117 | I38: 0
A39: 0 | B39: Иные закупки товаров, работ и услуг для обеспечения государственных (муниципальных) нужд | C39: 106 | D39: 0100000000 | E39: 240 | F39: 418.117 | H39: 418.117 | I39: 0
A40: 0 | B40: Иные бюджетные ассигнования | C40: 106 | D40: 0100000000 | E40: 800 | F40: =F41 -> 0 | G40: 0 | H40: =H41 -> 0 | I40: 0
A41: 0 | B41: Уплата налогов, сборов и иных платежей | C41: 106 | D41: 0100000000 | E41: 850 | I41: 0
B42: Другие общегосударственные вопросы | C42: 113 | F42: =F43 -> 350.603 | G42: =G43 -> 0 | H42: =H43 -> 350.603
B43: Муниципальная программа "Профилактика правонарушений и обеспечение общественной безопасности в муниципальном районе Клявлинский на 2020-2027 годы" | C43: 113 | D43: 4800000000 | F43: =F44 -> 350.603 | G43: =G44 -> 0 | H43: =H44 -> 350.603
B44: Закупка товаров, работ и услуг для обеспечения государственных (муниципальных) нужд | C44: 113 | D44: 4800000000 | E44: 200 | F44: =F45 -> 350.603 | H44: =H45 -> 350.603
B45: Иные закупки товаров, работ и услуг для обеспечения государственных (муниципальных) нужд | C45: 113 | D45: 4800000000 | E45: 240 | F45: 350.603 | H45: 350.603
A46: 0 | B46: Общее образование | C46: 702 | D46: 0 | E46: 0 | F46: =F47 -> 0 | G46: 0 | H46: =H47 -> 0 | I46: 0
A47: 0 | B47: Муниципальная программа "Управление муниципальными финансами и развитие межбюджетных отношений на 2018-2027годы" | C47: 702 | D47: 0100000000 | E47: 0 | F47: =F50 -> 0 | G47: 0 | H47: =H50 -> 0 | I47: 0
A48: 0 | B48: Муниципальная программа "Управление муниципальными финансами и развитие межбюджетных отношений на 2014-2020 годы" | C48: 702 | D48: 0100000000 | E48: 0 | F48: 0 | G48: 0 | H48: 0 | I48: 0
A49: 0 | B49: Межбюджетные трансферты, предоставляемые в бюджеты поселений в соответствии с заключенными соглашениями о передаче органам местного самоуправления поселений полномочий органов органов местного самоуправления муниципального района | C49: 702 | D49: 0100378130 | E49: 0 | F49: 0 | G49: 0 | H49: 0 | I49: 0
A50: 0 | B50: Межбюджетные трансферты | C50: 702 | D50: 0100000000 | E50: 500 | F50: =F51 -> 0 | G50: 0 | H50: =H51 -> 0 | I50: 0
A51: 0 | B51: Иные межбюджетные трансферты | C51: 702 | D51: 0100000000 | E51: 540 | F51: 0 | H51: 0 | I51: 0
A52: 0 | B52: Обслуживание государственного (муниципального) внутреннего долга | C52: 1301 | D52: 0 | E52: 0 | F52: =F53 -> 2030.688 | G52: 0 | H52: =H53 -> 838.324 | I52: 0
A53: 0 | B53: Муниципальная программа "Управление муниципальными финансами и развитие межбюджетных отношений на 2018-2027годы" | C53: 1301 | D53: 100000000 | E53: 0 | F53: =F57 -> 2030.688 | G53: 0 | H53: =H57 -> 838.324 | I53: 0
A54: 0 | B54: Муниципальная программа "Управление муниципальными финансами и развитие межбюджетных отношений на 2014-2020 годы" | C54: 1301 | D54: 0100000000 | E54: 0 | F54: 0 | G54: 0 | H54: 0 | I54: 0
A55: 0 | B55: Процентные платежи по долговым обязательствам муниципального района Клявлинский | C55: 1301 | D55: 0100290100 | E55: 0 | F55: 0 | G55: 0 | H55: 0 | I55: 0
A56: 0 | B56: Процентные платежи по долговым обязательствам муниципального района Клявлинский | C56: 1301 | D56: 0100290100 | E56: 0 | F56: 0 | G56: 0 | H56: 0 | I56: 0
A57: 0 | B57: Обслуживание государственного (муниципального) долга | C57: 1301 | D57: 100000000 | E57: 700 | F57: =F58 -> 2030.688 | G57: 0 | H57: =H58 -> 838.324 | I57: 0
A58: 0 | B58: Обслуживание муниципального долга | C58: 1301 | D58: 100000000 | E58: 730 | F58: 2030.688 | H58: 838.324 | I58: 0
A59: 0 | B59: Дотации на выравнивание бюджетной обеспеченности субъектов Российской Федерации и муниципальных образований | C59: 1401 | D59: 0 | E59: 0 | F59: =F60 -> 19979.05 | G59: =G60 -> 310 | H59: =H60 -> 19979.05 | I59: =I60 -> 310
A60: 0 | B60: Муниципальная программа "Управление муниципальными финансами и развитие межбюджетных отношений на 2018-2027годы" | C60: 1401 | D60: 0100000000 | E60: 0 | F60: =F63 -> 19979.05 | G60: =G63 -> 310 | H60: =H63 -> 19979.05 | I60: =I63 -> 310
A61: 0 | B61: Муниципальная программа "Управление муниципальными финансами и развитие межбюджетных отношений на 2014-2020 годы" | C61: 1401 | D61: 0100000000 | E61: 0 | F61: 0 | G61: 0 | H61: 0 | I61: 0
A62: 0 | B62: Дотации на выравнивание бюджетной обеспеченности поселений из бюджета муниципального района | C62: 1401 | D62: 0100378110 | E62: 0 | F62: 0 | G62: 0 | H62: 0 | I62: 0
A63: 0 | B63: Межбюджетные трансферты | C63: 1401 | D63: 0100000000 | E63: 500 | F63: =F64 -> 19979.05 | G63: =G64 -> 310 | H63: =H64 -> 19979.05 | I63: =I64 -> 310
A64: 0 | B64: Дотации | C64: 1401 | D64: 0100000000 | E64: 510 | F64: 19979.05 | G64: 310 | H64: 19979.05 | I64: 310
A65: 0 | B65: Прочие межбюджетные трансферты общего характера | C65: 1403 | D65: 0 | E65: 0 | F65: =F66 -> 11979.448 | G65: 0 | H65: =H66 -> 11668.859 | I65: 0
A66: 0 | B66: Муниципальная программа "Управление муниципальными финансами и развитие межбюджетных отношений на 2018-2027годы" | C66: 1403 | D66: 0100000000 | E66: 0 | F66: =F69 -> 11979.448 | G66: 0 | H66: =H69 -> 11668.859 | I66: 0
A67: 0 | B67: Муниципальная программа "Управление муниципальными финансами и развитие межбюджетных отношений на 2014-2020 годы" | C67: 1402 | D67: 0100000000 | E67: 0 | F67: 0 | G67: 0 | H67: 0 | I67: 0
A68: 0 | B68: Иные дотации из бюджета муниципального района | C68: 1402 | D68: 0100378120 | E68: 0 | F68: 0 | G68: 0 | H68: 0 | I68: 0
A69: 0 | B69: Межбюджетные трансферты | C69: 1403 | D69: 0100000000 | E69: 500 | F69: =F70 -> 11979.448 | G69: 0 | H69: =H70 -> 11668.859 | I69: 0
A70: 0 | B70: Иные межбюджетные трансферты | C70: 1403 | D70: 0100000000 | E70: 540 | F70: 11979.448 | H70: 11668.859
A71: 938 | B71: Муниципальное учреждение-Комитет по управлению муниципальным имуществом администрации муниципального района Клявлинский Самарской области | C71: 0 | D71: 0 | E71: 0 | F71: =F72+F98+F108+F119+F163+F167+F183+F251+F260+F272+F247+F126 -> 146686.41 | G71: =G72+G98+G108+G119+G163+G167+G183+G251+G260+G272+G247+G126 -> 52257.138 | H71: =H72+H98+H108+H119+H163+H167+H183+H251+H260+H272+H247+H126 -> 138333.16 | I71: =I72+I98+I108+I119+I163+I167+I183+I251+I260+I272+I247+I126 -> 34927.506
A72: 0 | B72: Другие общегосударственные вопросы | C72: 113 | D72: 0 | E72: 0 | F72: =F73+F84+F93 -> 30671.713 | G72: =G73+G84 -> 0 | H72: =H73+H84+H93 -> 30668.331 | I72: =I73+I84 -> 0
A73: 0 | B73: Муниципальная программа "Управление имуществом муниципального района Клявлинский на 2019-2027 годы" | C73: 113 | D73: 0200000000 | E73: 0 | F73: =F78+F80+F82 -> 4791.608 | G73: 0 | H73: =H78+H80+H82 -> 4788.226 | I73: 0
A74: 0 | B74: Муниципальная программа "Управление имуществом муниципального района Клявлинский на 2014-2020 годы" | C74: 113 | D74: 0200000000 | E74: 0 | F74: 0 | G74: 0 | H74: 0 | I74: 0
A75: 0 | B75: Расходы на обеспечение выполнения функций органами местного самоуправления | C75: 113 | D75: 0200111000 | E75: 0 | F75: 0 | G75: 0 | H75: 0 | I75: 0
A76: 0 | B76: Расходы на обеспечение выполнения функций органами местного самоуправления | C76: 113 | D76: 0200111000 | E76: 0 | F76: 0 | G76: 0 | H76: 0 | I76: 0
A77: 0 | B77: Расходы на обеспечение выполнения функций органами местного самоуправления | C77: 113 | D77: 0200111000 | E77: 0 | F77: 0 | G77: 0 | H77: 0 | I77: 0
A78: 0 | B78: Расходы на выплаты персоналу в целях обеспечения выполнения функций государственными (муниципальными) органами, казенными учреждениями, органами управления государственными внебюджетными фондами | C78: 113 | D78: 0200000000 | E78: 100 | F78: =F79 -> 3360.515 | G78: 0 | H78: =H79 -> 3360.515 | I78: 0
A79: 0 | B79: Расходы на выплаты персоналу государственных (муниципальных) органов | C79: 113 | D79: 0200000000 | E79: 120 | F79: 3360.515 | H79: 3360.515 | I79: 0
A80: 0 | B80: Закупка товаров, работ и услуг для обеспечения государственных (муниципальных) нужд | C80: 113 | D80: 0200000000 | E80: 200 | F80: =F81 -> 891.093 | G80: 0 | H80: =H81 -> 887.711 | I80: 0
A81: 0 | B81: Иные закупки товаров, работ и услуг для обеспечения государственных (муниципальных) нужд | C81: 113 | D81: 0200000000 | E81: 240 | F81: 891.093 | H81: 887.711 | I81: 0
A82: 0 | B82: Иные бюджетные ассигнования | C82: 113 | D82: 0200000000 | E82: 800 | F82: =F83 -> 540 | G82: 0 | H82: =H83 -> 540 | I82: 0
A83: 0 | B83: Уплата налогов, сборов и иных платежей | C83: 113 | D83: 200000000 | E83: 850 | F83: 540 | H83: 540 | I83: 0
A84: 0 | B84: Муниципальная программа "Снижение административных барьеров, повышение качества предоставления государственных и муниципальных услуг" на базе "Многофункционального центра предоставления государственных и муниципальных услуг" муниципального района Клявлинский Самарской области на 2012-2027 годы" | C84: 113 | D84: 0400000000 | E84: 0 | F84: =F91 -> 25880.105 | G84: =G91 -> 0 | H84: =H91 -> 25880.105 | I84: =I91 -> 0
A85: 0 | B85: Муниципальная программа "Снижение административных барьеров, повышение качества предоставления государственных и муниципальных услуг" на базе "Многофункционального центра предоставления государственных и муниципальных услуг" муниципального района Клявлинский Самарской области на 2012-2020 годы" | C85: 113 | D85: 0400000000 | E85: 0 | F85: 0 | G85: 0 | H85: 0 | I85: 0
A86: 0 | B86: Муниципальная программа "Снижение административных барьеров, повышение качества предоставления государственных и муниципальных услуг" на базе "Многофункционального центра предоставления государственных и муниципальных услуг" муниципального района Клявлинский Самарской области на 2012-2020 годы" | C86: 113 | D86: 0400000000 | E86: 0 | F86: 0 | G86: 0 | H86: 0 | I86: 0
A87: 0 | B87: Предоставление субсидий бюджетным, автономным учреждениям, некоммерческим организациям и иным юридическим лицам, индивидуальным предпринимателям, физическим лицам | C87: 113 | D87: 0400060000 | E87: 0 | F87: 0 | G87: 0 | H87: 0 | I87: 0
A88: 0 | B88: Предоставление субсидий бюджетным, автономным учреждениям, некоммерческим организациям и иным юридическим лицам, индивидуальным предпринимателям, физическим лицам | C88: 113 | D88: 0400060000 | E88: 0 | F88: 0 | G88: 0 | H88: 0 | I88: 0
A89: 0 | B89: Предоставление субсидий бюджетным, автономным учреждениям, некоммерческим организациям и иным юридическим лицам, индивидуальным предпринимателям, физическим лицам | C89: 113 | D89: 0400060000 | E89: 0 | F89: 0 | G89: 0 | H89: 0 | I89: 0
A90: 0 | B90: Предоставление субсидий бюджетным, автономным учреждениям, некоммерческим организациям и иным юридическим лицам, индивидуальным предпринимателям, физическим лицам | C90: 113 | D90: 0400060000 | E90: 0 | F90: 0 | G90: 0 | H90: 0 | I90: 0
A91: 0 | B91: Предоставление субсидий бюджетным, автономным учреждениям и иным некоммерческим организациям | C91: 113 | D91: 0400000000 | E91: 600 | F91: =F92 -> 25880.105 | G91: 0 | H91: =H92 -> 25880.105 | I91: 0
A92: 0 | B92: Субсидии автономным учреждениям | C92: 113 | D92: 0400000000 | E92: 620 | F92: 25880.105 | H92: 25880.105 | I92: 0
B93: Непрограммные направления расходов местного бюджета | C93: 113 | D93: 9000000000 | F93: =F94 -> 0 | H93: =H94 -> 0
B94: Закупка товаров, работ и услуг для муниципальных нужд | C94: 113 | D94: 9000020000 | F94: =F95 -> 0 | H94: =H95 -> 0
B95: Реализация функций управления муниципальным образованием общего значения | C95: 113 | D95: 9000022000 | F95: =F96 -> 0 | H95: =H96 -> 0
B96: Закупка товаров, работ и услуг для обеспечения государственных (муниципальных) нужд | C96: 113 | D96: 9000022000 | E96: 200 | F96: =F97 -> 0 | H96: =H97 -> 0
B97: Иные закупки товаров, работ и услуг для обеспечения государственных (муниципальных) нужд | C97: 113 | D97: 9000022000 | E97: 240
A98: 0 | B98: Дорожное хозяйство (дорожные фонды) | C98: 409 | D98: 0 | E98: 0 | F98: =F99 -> 18838 | G98: 0 | H98: =H99 -> 25496 | I98: 0
A99: 0 | B99: Муниципальная программа "Модернизация и развитие автомобильных дорог общего пользования местного значения вне границ населенных пунктов в границах муниципального района Клявлинский Самарской области на 2014-2027 годы" | C99: 409 | D99: 1100000000 | E99: 0 | F99: =F106 -> 18838 | G99: 0 | H99: =H106 -> 25496 | I99: 0
A100: 0 | B100: Муниципальная программа "Модернизация и развитие автомобильных дорог общего пользования местного значения вне границ населенных пунктов в границах муниципального района Клявлинский Самарской области на 2014-2019 годы" | C100: 409 | D100: 1100000000 | E100: 0 | F100: 0 | G100: 0 | H100: 0 | I100: 0
A101: 0 | B101: Муниципальная программа "Модернизация и развитие автомобильных дорог общего пользования местного значения вне границ населенных пунктов в границах муниципального района Клявлинский Самарской области на 2014-2019 годы" | C101: 409 | D101: 1100000000 | E101: 0 | F101: 0 | G101: 0 | H101: 0 | I101: 0
A102: 0 | B102: Закупка товаров, работ и услуг для муниципальных нужд | C102: 409 | D102: 1100020000 | E102: 0 | F102: 0 | G102: 0 | H102: 0 | I102: 0
...

Sheet Функц
A1: 10) Приложение 16 к Решению изложить в следующей редакции:
A2: "Приложение 16
A3: к решению Собрания представителей
A4: муниципального района Клявлинский Самарской области
A5: "О бюджете муниципального района Клявлинский Самарской области
A6: на 2025 год и плановый период 2026 и 2027 годов"
A8: КВР | B8: ЕСЛИ(C7=0;ЕСЛИ(B7=0;ИНДЕКС(ФКР!B$1:B$113;ПОИСКПОЗ(ЛЕВСИМВ(ЗНАЧЕН(A7);4);ЛЕВСИМВ(ЗНАЧЕН(ФКР!A$1:A$113);4);0));ИНДЕКС(КЦСР!B$1:B$1024;ПОИСКПОЗ(ЛЕВСИМВ(ЗНАЧЕН(B7);7);ЛЕВСИМВ(ЗНАЧЕН(КЦСР!A$1:A$1024);7);0)));ИНДЕКС(КВР!B$1:B$150;ПОИСКПОЗ(ЛЕВСИМВ(ЗНАЧЕН(C7);3);ЛЕВСИМВ(ЗНАЧЕН(КВР!A$1:A$150);3);0))) | C8: 0 | D8: 0
A9: Распределение бюджетных ассигнований по разделам, подразделам классификации расходов бюджетов муниципального района Клявлинский Самарской области на плановый период 2026-2027 годов
A11: Рз Пр | B11: Наименование раздела, подраздела расходов | C11: Сумма, тыс. руб.
C13: 2026 год | E13: 2027 год
C14: Всего | D14: в том числе за счет безвозмезд-ных поступлений имеющие целевое назначение из вышестоящих бюджетов | E14: Всего | F14: в том числе за счет безвозмезд-ных поступлений имеющие целевое назначение из вышестоящих бюджетов
A16: 0100 | B16: ОБЩЕГОСУДАРСТВЕННЫЕ ВОПРОСЫ | C16: =C17+C18+C19+C20+C27+C28 -> 88152.75 | D16: =D17+D18+D19+D20+D27+D28 -> 5866.885 | E16: =E17+E18+E19+E20+E27+E28 -> 88133.099 | F16: =F17+F18+F19+F20+F27+F28 -> 5866.885
A17: 102 | B17: Функционирование высшего должностного лица субъекта Российской Федерации и муниципального образования | C17: =Ведом!F287 -> 3135.607 | D17: 0 | E17: =Ведом!H287 -> 3135.607 | F17: =Ведом!I287 -> 0
A18: 104 | B18: Функционирование Правительства Российской Федерации, высших исполнительных органов государственной власти субъектов Российской Федерации, местных администраций | C18: =Ведом!F16+Ведом!F300 -> 20881.228 | D18: =Ведом!G16+Ведом!G300 -> 1018.387 | E18: =Ведом!H16+Ведом!H300 -> 20885.959 | F18: =Ведом!I16+Ведом!I300 -> 1018.387
A19: 105 | B19: Судебная система | C19: =Ведом!F338 -> 0 | D19: =Ведом!G338 -> 0 | E19: =Ведом!H338 -> 0 | F19: =Ведом!I338 -> 0
A20: 106 | B20: Обеспечение деятельности финансовых, налоговых и таможенных органов и органов финансового (финансово-бюджетного) надзора | C20: =Ведом!F30+Ведом!F565 -> 16916.835 | D20: =Ведом!G30+Ведом!G565 -> 0 | E20: =Ведом!H30+Ведом!H565 -> 16916.835 | F20: =Ведом!I30+Ведом!I565 -> 0
A21: 107 | B21: Обеспечение проведения выборов и референдумов | C21: =C22 -> 0 | E21: =E22 -> 0
A22: 107 | B22: Непрограммные направления расходов местного бюджета | C22: =C25 -> 0 | E22: =E25 -> 0
A23: 107 | B23: Иные направления расходов | C23: =C24 -> 0 | E23: =E24 -> 0
A24: 107 | B24: Проведение выборов в представительные органы муниципального образования | C24: =C25 -> 0 | E24: =E25 -> 0
A25: 107 | B25: Иные бюджетные ассигнования | C25: =C26 -> 0 | E25: =E26 -> 0
A26: 107 | B26: Специальные расходы | C26: =Ведом!F337 -> 0 | E26: =Ведом!H337 -> 0
A27: 111 | B27: Резервные фонды | C27: =Ведом!F343 -> 100 | D27: =Ведом!G343 -> 0 | E27: =Ведом!H343 -> 100 | F27: =Ведом!I343 -> 0
A28: 113 | B28: Другие общегосударственные вопросы | C28: =Ведом!F42+Ведом!F351+Ведом!F72 -> 47119.08 | D28: =Ведом!G42+Ведом!G351+Ведом!G72 -> 4848.498 | E28: =Ведом!H42+Ведом!H351+Ведом!H72 -> 47094.698 | F28: =Ведом!I42+Ведом!I351+Ведом!I72 -> 4848.498
A29: 113 | B29: Непрограммные направления расходов местного бюджета | C29: =C30+C34 -> 0 | D29: =D30+D34 -> 0 | E29: =E30+E34 -> 0 | F29: =F30+F34 -> 0
A30: 113 | B30: Закупка товаров, работ и услуг для муниципальных нужд | C30: =C31 -> 0 | E30: =E31 -> 0
A31: 113 | B31: Реализация функций управления муниципальным образованием общего значения | C31: =C32 -> 0 | E31: =E32 -> 0
A32: 113 | B32: Закупка товаров, работ и услуг для обеспечения государственных (муниципальных) нужд | C32: =C33 -> 0 | E32: =E33 -> 0
A33: 113 | B33: Иные закупки товаров, работ и услуг для обеспечения государственных (муниципальных) нужд | C33: =Ведом!F97+Ведом!F402 -> 0 | E33: =Ведом!H97+Ведом!H402 -> 0
A34: 113 | B34: Иные направления расходов | C34: =C35 -> 0 | D34: =D35 -> 0 | E34: =E35 -> 0 | F34: =F35 -> 0
A35: 113 | B35: Иные бюджетные ассигнования | C35: =C36 -> 0 | D35: =D36 -> 0 | E35: =E36 -> 0 | F35: =F36 -> 0
A36: 113 | B36: Исполнение судебных актов | C36: =Ведом!F398 -> 0 | E36: =Ведом!H398 -> 0
A37: 0400 | B37: НАЦИОНАЛЬНАЯ ЭКОНОМИКА | C37: =C38+C39+C40+C41 -> 32113.783 | D37: =D38+D39+D40+D41 -> 9117.458 | E37: =E38+E39+E40+E41 -> 38759.699 | F37: =F38+F39+F40+F41 -> 9105.154
A38: 405 | B38: Сельское хозяйство и рыболовство | C38: =Ведом!F403 -> 12880.18 | D38: =Ведом!G403 -> 9117.458 | E38: =Ведом!H403 -> 12868.096 | F38: =Ведом!I403 -> 9105.154
A39: 408 | B39: Транспорт | C39: =Ведом!F436 -> 350.603 | D39: =Ведом!G436 -> 0 | E39: =Ведом!H436 -> 350.603 | F39: =Ведом!I436 -> 0
A40: 409 | B40: Дорожное хозяйство (дорожные фонды) | C40: =Ведом!F98 -> 18838 | D40: =Ведом!G98 -> 0 | E40: =Ведом!H98 -> 25496 | F40: =Ведом!I98 -> 0
A41: 412 | B41: Другие вопросы в области национальной экономики | C41: =Ведом!F108+Ведом!F443 -> 45 | D41: =Ведом!G108+Ведом!G443 -> 0 | E41: =Ведом!H108+Ведом!H443 -> 45 | F41: =Ведом!I108+Ведом!I443 -> 0
A42: 0500 | B42: ЖИЛИЩНО-КОММУНАЛЬНОЕ ХОЗЯЙСТВО | C42: =C43+C77+C44+C51 -> 2066.574 | D42: =D43+D77+D44+D51 -> 0 | E42: =E43+E77+E44+E51 -> 10759.206 | F42: =F43+F77+F44+F51 -> 8258
A43: 501 | B43: Жилищное хозяйство | C43: =Ведом!F119 -> 105 | D43: 0 | E43: =Ведом!H119 -> 105 | F43: 0
A44: 502 | B44: Коммунальное хозяйство | C44: =C45 -> 0 | E44: =E45 -> 8692.632 | F44: =Ведом!I445 -> 8258
A45: 502 | B45: Непрограммные направления расходов местного бюджета | C45: =C46 -> 0 | E45: =E46 -> 8692.632
A46: 502 | B46: Расходы местного бюджета, в том числе за счет средств, поступающих из областного бюджета, а также расходование средств резервных фондов | C46: =C47 -> 0 | E46: =E47 -> 8692.632
A47: 502 | B47: Предоставление межбюджетных трансфертов из местных бюджетов | C47: =C48 -> 0 | E47: =E48 -> 8692.632
A48: 502 | B48: Иные межбюджетные трансферты бюджетам сельских поселений | C48: =C49 -> 0 | E48: =E49 -> 8692.632
A49: 502 | B49: Межбюджетные трансферты | C49: =C50 -> 0 | E49: =E50 -> 8692.632
A50: 502 | B50: Иные межбюджетные трансферты | C50: =Ведом!F451 -> 0 | E50: =Ведом!H451 -> 8692.632
A51: 503 | B51: Благоустройство | C51: =Ведом!F126 -> 1961.574 | E51: =Ведом!H126 -> 1961.574 | F51: =Ведом!I126 -> 0
A52: 503 | B52: Муниципальная программа «Формирование комфортной городской среды на территории муниципального района Клявлинский Самарской области на 2018-2022 годы» | C52: =C53+C57+C61 -> #REF! | D52: =D53+D57+D61 -> #REF! | E52: =E53+E57+E61 -> #REF! | F52: =F53+F57+F61 -> #REF!
A53: 503 | B53: Расходы местного бюджета, в том числе расходы на предоставление межбюджетных трансфертов местным бюджетам, в целях софинансирования которых из областного бюджета предоставляются за счет субсидий из федерального бюджета межбюджетные трансферты | C53: =C54 -> 1961.574 | D53: =D54 -> 0 | E53: =E54 -> 1961.574 | F53: =F54 -> 0
A54: 503 | B54: Долевое участие местного бюджета в софинансировании мероприятий, направленных на поддержку государственных программ субъектов Российской Федерации и муниципальных программ формирования современной городской среды | C54: =C55 -> 1961.574 | D54: =D55 -> 0 | E54: =E55 -> 1961.574 | F54: =F55 -> 0
A55: 503 | B55: Закупка товаров, работ и услуг для обеспечения государственных (муниципальных) нужд | C55: =C56 -> 1961.574 | D55: =D56 -> 0 | E55: =E56 -> 1961.574 | F55: =F56 -> 0
A56: 503 | B56: Иные закупки товаров, работ и услуг для обеспечения государственных (муниципальных) нужд | C56: =Ведом!F131 -> 1961.574 | D56: =Ведом!G131 -> 0 | E56: =Ведом!H131 -> 1961.574 | F56: =Ведом!I131 -> 0
A57: 503 | B57: Расходы местного бюджета, источником финансового обеспечения которых являются субсидии из областного бюджета, а также расходы местных бюджетов, в целях софинансирования которых из областного бюджета предоставляются местным бюджетам субсидии | C57: =C58 -> 0 | E57: =E58 -> 0
A58: 503 | B58: Долевое участие местного бюджета в софинансировании мероприятий,направленных на поддержку государственных программ субъектов Российской Федерации и муниципальных программ формирования современной городской среды (расходы сверх софинансирования) | C58: =C59 -> 0 | E58: =E59 -> 0
A59: 503 | B59: Закупка товаров, работ и услуг для обеспечения государственных (муниципальных) нужд | C59: =C60 -> 0 | E59: =E60 -> 0
A60: 503 | B60: Иные закупки товаров, работ и услуг для обеспечения государственных (муниципальных) нужд | C60: =Ведом!F135 -> 0 | E60: =Ведом!H135 -> 0
A61: 503 | B61: Поддержка государственных программ субъектов Российской Федерации и муниципальных программ формирования современной городской среды(расходы сверх софинансирования | C61: =C62 -> #REF! | D61: =D62 -> #REF! | E61: =E62 -> #REF! | F61: =F62 -> #REF!
A62: 503 | B62: Закупка товаров, работ и услуг для обеспечения государственных (муниципальных) нужд | C62: =#REF! -> #REF! | D62: =#REF! -> #REF! | E62: =#REF! -> #REF! | F62: =#REF! -> #REF!
A63: 503 | B63: Благоустройство
A64: 600 | B64: Охрана окружающей среды | C64: =C65+C76 -> 530.829 | D64: =D65+D76 -> 504.303 | E64: =E65+E76 -> 0 | F64: =F65+F76 -> 0
A65: 602 | B65: Сбор, удаление отходов и очистка сточных вод | C65: =C66 -> 0 | D65: =D66 -> 0 | E65: =E66 -> 0 | F65: =F66 -> 0
A66: 602 | B66: Непрограммные направления расходов местного бюджета | C66: =C67+C72 -> 0 | D66: =D67+D72 -> 0 | E66: =E67+E72 -> 0 | F66: =F67+F72 -> 0
A67: 602 | B67: Расходы местного бюджета, в том числе за счет средств, поступающих из областного бюджета, а также расходование средств резервных фондов | C67: =C68 -> 0 | D67: =D68 -> 0 | E67: =E68 -> 0 | F67: =F68 -> 0
A68: 602 | B68: Иные межбюджетные трансферты местным бюджетам из областного бюджета | C68: =C69 -> 0 | D68: =D69 -> 0 | E68: =E69 -> 0 | F68: =F69 -> 0
A69: 602 | B69: Предоставление субсидий из областного бюджета местным бюджетам в целях софинансирования расходых обязательств муниципальных образований по ремонту контейнерных площадок | C69: =C70 -> 0 | D69: =D70 -> 0 | E69: =E70 -> 0 | F69: =F70 -> 0
A70: 602 | B70: Закупка товаров, работ и услуг для обеспечения государственных (муниципальных) нужд | C70: =C71 -> 0 | D70: =D71 -> 0 | E70: =E71 -> 0 | F70: =F71 -> 0
A71: 602 | B71: Иные закупки товаров, работ и услуг для обеспечения государственных (муниципальных) нужд | C71: =Ведом!F158 -> 0 | D71: =Ведом!G158 -> 0 | E71: =Ведом!H158 -> 0 | F71: =Ведом!I158 -> 0
A72: 602 | B72: Расходы местного бюджета, в том числе расходы на предоставление межбюджетных трансфертов иным местным бюджетам, в целях софинансирования которых из областного бюджета предоставляются местным бюджетам субсидии, а также расходы местного бюджета, в целях софинансирования которых из иных местных бюджетов предоставляются субсидии | C72: =C73 -> 0 | E72: =E73 -> 0
A73: 602 | B73: Софинансирование районного бюджета мероприятий по ремонту контейнерных площадок | C73: =C74 -> 0 | E73: =E74 -> 0
A74: 602 | B74: Закупка товаров, работ и услуг для обеспечения государственных (муниципальных) нужд | C74: =C75 -> 0 | E74: =E75 -> 0
A75: 602 | B75: Иные закупки товаров, работ и услуг для обеспечения государственных (муниципальных) нужд | C75: =Ведом!F162 -> 0 | E75: =Ведом!H162 -> 0
A76: 605 | B76: Другие вопросы в области охраны окружающей среды | C76: =Ведом!F163 -> 530.829 | D76: =Ведом!G163 -> 504.303 | E76: =Ведом!H163 -> 0 | F76: =Ведом!I163 -> 0
A77: 503 | B77: Благоустройство
A78: 600 | B78: Охрана окружающей среды | C78: =C79 -> 530.829 | D78: =D79 -> 504.303 | E78: =E79 -> 0 | F78: =F79 -> 0
A79: 605 | B79: Другие вопросы в области охраны окружающей среды | C79: =Ведом!F163 -> 530.829 | D79: =Ведом!G163 -> 504.303 | E79: =Ведом!H163 -> 0 | F79: =Ведом!I163 -> 0
A80: 0700 | B80: ОБРАЗОВАНИЕ | C80: =C81+C89+C90+C91 -> 67978.275 | D80: =D81+D89+D90+D91 -> 17539.497 | E80: =E81+E89+E90+E91 -> 124331.16 | F80: =F81+F89+F90+F91 -> 75714.007
A81: 701 | B81: Дошкольное образование | C81: =Ведом!F452 -> 11860.661 | D81: =Ведом!G452 -> 0 | E81: =Ведом!H452 -> 12282.741 | F81: =Ведом!I452 -> 0
A82: 701 | B82: Расходы местного бюджета, источником финансового обеспечения которых являются субсидии из областного бюджета, а также расходы местных бюджетов, в целях софинансирования которых из областного бюджета предоставляются местным бюджетам субсидии | C82: =C83 -> 24.216 | D82: =D83 -> 0 | E82: =E83 -> 24.216 | F82: =F83 -> 0
A83: 701 | B83: Субсидии местным бюджетам для софинансирования расходных обязательств по вопросам местного значения, предоставляемых с учетом выполнения показателей социально-экономического развития (стимулирующие субсидии) | C83: =C86 -> 24.216 | D83: =D86 -> 0 | E83: =E86 -> 24.216 | F83: =F86 -> 0
A84: 701 | B84: Субсидии местным бюджетам для софинансирования расходных обязательств по вопросам местного значения, предоставляемых с учетом выполнения показателей социально-экономического развития (стимулирующие субсидии) | C84: 0 | D84: 0 | E84: 0 | F84: 0
A85: 701 | B85: Субсидии местным бюджетам для софинансирования расходных обязательств по вопросам местного значения, предоставляемых с учетом выполнения показателей социально-экономического развития (стимулирующие субсидии) | C85: 0 | D85: 0 | E85: 0 | F85: 0
A86: 701 | B86: Расходы местного бюджета за счет стимулирующих субсидий, направленные на обеспечение организации образовательного процесса в сфере образования | C86: =C87 -> 24.216 | D86: =D87 -> 0 | E86: =E87 -> 24.216 | F86: =F87 -> 0
A87: 701 | B87: Предоставление субсидий бюджетным, автономным учреждениям и иным некоммерческим организациям | C87: =C88 -> 24.216 | D87: =D88 -> 0 | E87: =E88 -> 24.216 | F87: =F88 -> 0
A88: 701 | B88: Субсидии автономным учреждениям | C88: =Ведом!F467 -> 24.216 | D88: =Ведом!G467 -> 0 | E88: =Ведом!H467 -> 24.216 | F88: =Ведом!I467 -> 0
A89: 702 | B89: Общее образование | C89: =Ведом!F46+Ведом!F468 -> 32517.24 | D89: =Ведом!G476 -> 0 | E89: =Ведом!H46+Ведом!H468 -> 28503.964 | F89: =Ведом!I46+Ведом!I468 -> 0
A90: 707 | B90: Молодежная политика | C90: =Ведом!F167+Ведом!F520 -> 4561.268 | D90: =Ведом!G167+Ведом!G520 -> 2382.257 | E90: =Ведом!H167+Ведом!H520 -> 4687.091 | F90: =Ведом!I167+Ведом!I520 -> 2382.257
A91: 709 | B91: Другие вопросы в области образования | C91: =Ведом!F524 -> 19039.106 | D91: =Ведом!G524 -> 15157.24 | E91: =Ведом!H524 -> 78857.362 | F91: =Ведом!I524 -> 73331.75
A92: 0800 | B92: КУЛЬТУРА, КИНЕМАТОГРАФИЯ | C92: =C93 -> 36101.573 | D92: =D93 -> 0 | E92: =E93 -> 38457.696 | F92: =F93 -> 0
A93: 801 | B93: Культура | C93: =Ведом!F183 -> 36101.573 | D93: =Ведом!G183 -> 0 | E93: =Ведом!H183 -> 38457.696 | F93: =Ведом!I183 -> 0
A94: 1000 | B94: СОЦИАЛЬНАЯ ПОЛИТИКА | C94: =C95+C96+C97+C125 -> 61854.173 | D94: =D95+D96+D97+D125 -> 58238.664 | E94: =E95+E96+E97+E125 -> 45028.844 | F94: =F95+F96+F97+F125 -> 41413.335
A95: 1001 | B95: Пенсионное обеспечение | C95: =Ведом!F528 -> 3041.544 | D95: 0 | E95: =Ведом!H528 -> 3041.544 | F95: 0
A96: 1003 | B96: Социальное обеспечение населения | C96: =Ведом!F233 -> 0 | D96: =Ведом!G233 -> 0 | E96: =Ведом!H233 -> 0 | F96: =Ведом!I233 -> 0
A97: 1004 | B97: Охрана семьи и детства | C97: =Ведом!F251+Ведом!F550 -> 58762.629 | D97: =Ведом!G251+Ведом!G550 -> 58238.664 | E97: =Ведом!H251+Ведом!H550 -> 41937.3 | F97: =Ведом!I251+Ведом!I550 -> 41413.335
A98: 1004 | B98: Непрограммные направления расходов местного бюджета | C98: 0 | D98: 0 | E98: 0 | F98: 0
A99: 1004 | B99: Непрограммные направления расходов местного бюджета | C99: 0 | D99: 0 | E99: 0 | F99: 0
A100: 1004 | B100: Непрограммные направления расходов местного бюджета | C100: 0 | D100: 0 | E100: 0 | F100: 0
A101: 1004 | B101: Субвенции федерального бюджета | C101: 0 | D101: 0 | E101: 0 | F101: 0
A102: 1004 | B102: Субвенции федерального бюджета | C102: 0 | D102: 0 | E102: 0 | F102: 0
A103: 1004 | B103: Субвенции федерального бюджета | C103: 0 | D103: 0 | E103: 0 | F103: 0
A104: 1004 | B104: Предоставление жилых помещений детям-сиротам и детям, оставшимся без попечения родителей, лицам из их числа по договорам найма специализированных жилых помещений | C104: 0 | D104: 0 | E104: 0 | F104: 0
...

Sheet ЦСР
A1: 7) Приложение 7 к Решению изложить в следующей редакции:
A2: "Приложение 7
A3: к решению Собрания представителей
A4: муниципального района Клявлинский Самарской области
A5: "О бюджете муниципального района Клявлинский Самарской области
A6: на 2025 год и плановый период 2026 и 2027 годов"
A8: Распределение бюджетных ассигнований по целевым статьям (муниципальным программам и непрограммным направлениям деятельности), группам (группам и подгруппам) видов расходов классификации расходов бюджета муниципального района Клявлинский Самарской области на плановый период 2026-2027 годов.
A10: Наименование | B10: ЦСР | C10: ВР | D10: Сумма, тыс. руб.
D11: 2026 год | F11: 2027 год
D12: Всего | E12: в том числе за счет безвозмезд-ных поступлений имеющие целевое назначение из вышестоящих бюджетов | F12: Всего | G12: в том числе за счет безвозмезд-ных поступлений имеющие целевое назначение из вышестоящих бюджетов
A13: Муниципальная программа "Управление муниципальными финансами и развитие межбюджетных отношений на 2018-2027 годы" | B13: =Ведом!D17 -> 0100000000 | D13: =D14+D16+D18+D20+D23 -> 50282.84 | E13: =E14+E16+E18+E20+E23 -> 310 | F13: =F14+F16+F18+F20+F23 -> 48779.887 | G13: =G14+G16+G18+G20+G23 -> 310
A14: Расходы на выплаты персоналу в целях обеспечения выполнения функций государственными (муниципальными) органами, казенными учреждениями, органами управления государственными внебюджетными фондами | B14: 0100000000 | C14: 100 | D14: =D15 -> 15875.537 | E14: =E15 -> 0 | F14: =F15 -> 15875.537 | G14: =G15 -> 0
A15: Расходы на выплаты персоналу государственных (муниципальных) органов | B15: 0100000000 | C15: 120 | D15: =Ведом!F23+Ведом!F37 -> 15875.537 | E15: =Ведом!G23+Ведом!G37 -> 0 | F15: =Ведом!H23+Ведом!H37 -> 15875.537 | G15: =Ведом!I23+Ведом!I37 -> 0
A16: Закупка товаров, работ и услуг для обеспечения государственных (муниципальных) нужд | B16: 0100000000 | C16: 200 | D16: =D17 -> 418.117 | E16: =E17 -> 0 | F16: =F17 -> 418.117 | G16: =G17 -> 0
A17: Иные закупки товаров, работ и услуг для обеспечения государственных (муниципальных) нужд | B17: 0100000000 | C17: 240 | D17: =Ведом!F25+Ведом!F39 -> 418.117 | E17: =Ведом!G25+Ведом!G39 -> 0 | F17: =Ведом!H25+Ведом!H39 -> 418.117 | G17: =Ведом!I25+Ведом!I39 -> 0
A18: Иные бюджетные ассигнования | B18: 0100000000 | C18: 800 | D18: =D19 -> 0 | E18: =E19 -> 0 | F18: =F19 -> 0 | G18: =G19 -> 0
A19: Уплата налогов, сборов и иных платежей | B19: 0100000000 | C19: 850 | D19: =Ведом!F41 -> 0 | E19: =Ведом!G41 -> 0 | F19: =Ведом!H41 -> 0 | G19: =Ведом!I41 -> 0
A20: Межбюджетные трансферты | B20: 0100000000 | C20: 500 | D20: =D21+D22 -> 31958.498 | E20: =E21+E22 -> 310 | F20: =F21+F22 -> 31647.909 | G20: =G21+G22 -> 310
A21: Дотации | B21: 0100000000 | C21: 510 | D21: =Ведом!F64 -> 19979.05 | E21: =Ведом!G64 -> 310 | F21: =Ведом!H64 -> 19979.05 | G21: =Ведом!I64 -> 310
A22: Иные межбюджетные трансферты | B22: 0100000000 | C22: 540 | D22: =Ведом!F51+Ведом!F70 -> 11979.448 | E22: =Ведом!G51+Ведом!G70 -> 0 | F22: =Ведом!H51+Ведом!H70 -> 11668.859 | G22: =Ведом!I51+Ведом!I70 -> 0
A23: Обслуживание государственного (муниципального) долга | B23: 0100000000 | C23: 700 | D23: =D24 -> 2030.688 | E23: =E24 -> 0 | F23: =F24 -> 838.324 | G23: =G24 -> 0
A24: Обслуживание муниципального долга | B24: 0100000000 | C24: 730 | D24: =Ведом!F58 -> 2030.688 | E24: =Ведом!G58 -> 0 | F24: =Ведом!H58 -> 838.324 | G24: =Ведом!I58 -> 0
A25: Муниципальная программа "Управление имуществом муниципального района Клявлинский на 2019-2027 годы" | B25: =Ведом!D73 -> 0200000000 | D25: =D26+D28+D32+D34+D30 -> 55814.186 | E25: =E26+E28+E32+E34+E30 -> 50891.052 | F25: =F26+F28+F32+F34+F30 -> 38454.754 | G25: =G26+G28+G32+G34+G30 -> 33561.528
A26: Расходы на выплаты персоналу в целях обеспечения выполнения функций государственными (муниципальными) органами, казенными учреждениями, органами управления государственными внебюджетными фондами | B26: 0200000000 | C26: 100 | D26: =D27 -> 3360.515 | E26: =E27 -> 0 | F26: =F27 -> 3360.515 | G26: =G27 -> 0
A27: Расходы на выплаты персоналу государственных (муниципальных) органов | B27: 0200000000 | C27: 120 | D27: =Ведом!F79 -> 3360.515 | E27: =Ведом!G79 -> 0 | F27: =Ведом!H79 -> 3360.515 | G27: =Ведом!I79 -> 0
A28: Закупка товаров, работ и услуг для обеспечения государственных (муниципальных) нужд | B28: 0200000000 | C28: 200 | D28: =D29 -> 1526.922 | E28: =E29 -> 504.303 | F28: =F29 -> 992.711 | G28: =G29 -> 0
A29: Иные закупки товаров, работ и услуг для обеспечения государственных (муниципальных) нужд | B29: 0200000000 | C29: 240 | D29: =Ведом!F81+Ведом!F125+Ведом!F166 -> 1526.922 | E29: =Ведом!G81+Ведом!G125+Ведом!G166 -> 504.303 | F29: =Ведом!H81+Ведом!H125+Ведом!H166 -> 992.711 | G29: =Ведом!I81+Ведом!I125+Ведом!I166 -> 0
A30: Социальное обеспечение и иные выплаты населению | B30: 0200000000 | C30: 300 | D30: =D31 -> 1335.285 | E30: =E31 -> 1335.285 | F30: =F31 -> 0 | G30: =G31 -> 0
A31: Социальные выплаты гражданам, кроме публичных нормативных социальных выплат | B31: 0200000000 | C31: 320 | D31: =Ведом!F257 -> 1335.285 | E31: =Ведом!G257 -> 1335.285 | F31: =Ведом!H257 -> 0 | G31: =Ведом!I257 -> 0
A32: Капитальные вложения в объекты государственной (муниципальной) собственности | B32: 0200000000 | C32: 400 | D32: =D33 -> 49051.464 | E32: =E33 -> 49051.464 | F32: =F33 -> 33561.528 | G32: =G33 -> 33561.528
A33: Бюджетные инвестиции | B33: 0200000000 | C33: 410 | D33: =Ведом!F259 -> 49051.464 | E33: =Ведом!G259 -> 49051.464 | F33: =Ведом!H259 -> 33561.528 | G33: =Ведом!I259 -> 33561.528
A34: Иные бюджетные ассигнования | B34: 0200000000 | C34: 800 | D34: =D35 -> 540 | E34: =E35 -> 0 | F34: =F35 -> 540 | G34: =G35 -> 0
A35: Уплата налогов, сборов и иных платежей | B35: 0200000000 | C35: 850 | D35: =Ведом!F83 -> 540 | E35: =Ведом!G83 -> 0 | F35: =Ведом!H83 -> 540 | G35: =Ведом!I83 -> 0
A36: Муниципальная программа "Развитие сельского хозяйства и регулирования рынков сельскохозяйственной продукции, сырья и продовольствия в муниципальном районе Клявлинский на 2019-2027 годы" | B36: =Ведом!D404 -> 0300000000 | D36: =D37+D39+D41 -> 12880.18 | E36: =E37+E39+E41 -> 9117.458 | F36: =F37+F39+F41 -> 12868.096 | G36: =G37+G39+G41 -> 9105.154
A37: Расходы на выплаты персоналу в целях обеспечения выполнения функций государственными (муниципальными) органами, казенными учреждениями, органами управления государственными внебюджетными фондами | B37: 0300000000 | C37: 100 | D37: =D38 -> 8035.593 | E37: =E38 -> 4436.943 | F37: =F38 -> 8035.411 | G37: =G38 -> 4436.761
A38: Расходы на выплаты персоналу государственных (муниципальных) органов | B38: 0300000000 | C38: 120 | D38: =Ведом!F411 -> 8035.593 | E38: =Ведом!G411 -> 4436.943 | F38: =Ведом!H411 -> 8035.411 | G38: =Ведом!I411 -> 4436.761
A39: Закупка товаров, работ и услуг для обеспечения государственных (муниципальных) нужд | B39: 300000000 | C39: 200 | D39: =D40 -> 739.003 | E39: =E40 -> 574.931 | F39: =F40 -> 727.101 | G39: =G40 -> 562.809
A40: Иные закупки товаров, работ и услуг для обеспечения государственных (муниципальных) нужд | B40: 0300000000 | C40: 240 | D40: =Ведом!F413 -> 739.003 | E40: =Ведом!G413 -> 574.931 | F40: =Ведом!H413 -> 727.101 | G40: =Ведом!I413 -> 562.809
A41: Иные бюджетные ассигнования | B41: 0300000000 | C41: 800 | D41: =D42 -> 4105.584 | E41: =E42 -> 4105.584 | F41: =F42 -> 4105.584 | G41: =G42 -> 4105.584
A42: Субсидии юридическим лицам (кроме некоммерческих организаций), индивидуальным предпринимателям, физическим лицам - производителям товаров, работ, услуг | B42: 0300000000 | C42: 810 | D42: =Ведом!F422 -> 4105.584 | E42: =Ведом!G422 -> 4105.584 | F42: =Ведом!H422 -> 4105.584 | G42: =Ведом!I422 -> 4105.584
A43: Муниципальная программа "Снижение административных барьеров, повышение качества предоставления государственных и муниципальных услуг" на базе "Многофункционального центра предоставления государственных и муниципальных услуг" муниципального района Клявлинский Самарской области на 2012-2027 годы" | B43: =Ведом!D84 -> 0400000000 | D43: =D44 -> 25880.105 | E43: =E44 -> 0 | F43: =F44 -> 25880.105 | G43: =G44 -> 0
A44: Предоставление субсидий бюджетным, автономным учреждениям и иным некоммерческим организациям | B44: 0400000000 | C44: 600 | D44: =D45 -> 25880.105 | E44: =E45 -> 0 | F44: =F45 -> 25880.105 | G44: =G45 -> 0
A45: Субсидии автономным учреждениям | B45: 0400000000 | C45: 620 | D45: =Ведом!F92 -> 25880.105 | E45: =Ведом!G92 -> 0 | F45: =Ведом!H92 -> 25880.105 | G45: =Ведом!I92 -> 0
A46: Муниципальная программа "Развитие культуры, молодежной политики и спорта муниципального района Клявлинский до 2027 года" | B46: =Ведом!D168 -> 0500000000 | D46: =D47 -> 36959.381 | E46: =E47 -> 397.811 | F46: =F47 -> 39169.392 | G46: =G47 -> 397.811
A47: Предоставление субсидий бюджетным, автономным учреждениям и иным некоммерческим организациям | B47: 0500000000 | C47: 600 | D47: =D48 -> 36959.381 | E47: =E48 -> 397.811 | F47: =F48 -> 39169.392 | G47: =G48 -> 397.811
A48: Субсидии автономным учреждениям | B48: 0500000000 | C48: 620 | D48: =Ведом!F175+Ведом!F191+Ведом!F280 -> 36959.381 | E48: =Ведом!G175+Ведом!G191+Ведом!G280 -> 397.811 | F48: =Ведом!H175+Ведом!H191+Ведом!H280 -> 39169.392 | G48: =Ведом!I175+Ведом!I191+Ведом!I280 -> 397.811
A49: Муниципальная программа "Обеспечение организации образовательного процесса в общеобразовательных учреждениях, расположенных на территории муниципального района Клявлинский Самарской области" на 2013-2027 годы | B49: =Ведом!D469 -> 0600000000 | D49: =D50 -> 65332.114 | E49: =E50 -> 17141.686 | F49: =F50 -> 121559.17 | G49: =G50 -> 75316.196
A50: Предоставление субсидий бюджетным, автономным учреждениям и иным некоммерческим организациям | B50: 0600000000 | C50: 600 | D50: =D51 -> 65332.114 | E50: =E51 -> 17141.686 | F50: =F51 -> 121559.17 | G50: =G51 -> 75316.196
A51: Субсидии автономным учреждениям | B51: 0600000000 | C51: 620 | D51: =Ведом!F460+Ведом!F476+Ведом!F523+Ведом!F527 -> 65332.114 | E51: =Ведом!G460+Ведом!G476+Ведом!G523+Ведом!G527 -> 17141.686 | F51: =Ведом!H460+Ведом!H476+Ведом!H523+Ведом!H527 -> 121559.17 | G51: =Ведом!I460+Ведом!I476+Ведом!I523+Ведом!I527 -> 75316.196
A52: Муниципальная программа "Поддержка и развитие районной газеты "Знамя Родины" на 2014-2027 годы" | B52: =Ведом!D555 -> 0700000000 | D52: =D53 -> 854.075 | E52: =E53 -> 0 | F52: =F53 -> 854.075 | G52: =G53 -> 0
A53: Предоставление субсидий бюджетным, автономным учреждениям и иным некоммерческим организациям | B53: 0700000000 | C53: 600 | D53: =D54 -> 854.075 | E53: =E54 -> 0 | F53: =F54 -> 854.075 | G53: =G54 -> 0
A54: Субсидии автономным учреждениям | B54: 0700000000 | C54: 620 | D54: =Ведом!F563 -> 854.075 | E54: =Ведом!G563 -> 0 | F54: =Ведом!H563 -> 854.075 | G54: =Ведом!I563 -> 0
A55: Муниципальная программа "Развитие муниципального пассажирского транспорта и транспортной инфраструктуры в муниципальном районе Клявлинский на 2013-2027 годы" | B55: =Ведом!D437 -> 0800000000 | D55: =D56 -> 350.603 | E55: =E56 -> 0 | F55: =F56 -> 350.603 | G55: =G56 -> 0
A56: Предоставление субсидий бюджетным, автономным учреждениям и иным некоммерческим организациям | B56: 0800000000 | C56: 600 | D56: =D57 -> 350.603 | E56: =E57 -> 0 | F56: =F57 -> 350.603 | G56: =G57 -> 0
A57: Субсидии бюджетным учреждениям | B57: 0800000000 | C57: 610 | D57: =Ведом!F439 -> 350.603 | E57: =Ведом!G439 -> 0 | F57: =Ведом!H439 -> 350.603 | G57: =Ведом!I439 -> 0
A58: Капитальные вложения в объекты недвижимого имущества государственной (муниципальной) собственности | B58: 4400000000 | C58: 400 | D58: =D59 -> 0 | E58: =E59 -> 0 | F58: =F59 -> 0 | G58: =G59 -> 0
A59: Бюджетные инвестиции | B59: 4400000000 | C59: 410 | D59: =Ведом!F435 -> 0 | E59: =Ведом!G435 -> 0 | F59: =Ведом!H435 -> 0 | G59: =Ведом!I435 -> 0
A60: Муниципальная программа "Молодой семье - доступное жилье на территории муниципального района Клявлинский Самарской области" на 2024 - 2028 годы | B60: =Ведом!D252 -> 1000000000 | D60: =D61 -> 1492.24 | E60: =E61 -> 968.275 | F60: =F61 -> 1492.132 | G60: =G61 -> 968.167
A61: Социальное обеспечение и иные выплаты населению | B61: 1000000000 | C61: 300 | D61: =D62 -> 1492.24 | E61: =E62 -> 968.275 | F61: =F62 -> 1492.132 | G61: =G62 -> 968.167
A62: Социальные выплаты гражданам, кроме публичных нормативных социальных выплат | B62: 1000000000 | C62: 320 | D62: =Ведом!F254 -> 1492.24 | E62: =Ведом!G254 -> 968.275 | F62: =Ведом!H254 -> 1492.132 | G62: =Ведом!I254 -> 968.167
A63: Муниципальная программа "Модернизация и развитие автомобильных дорог общего пользования местного значения вне границ населенных пунктов в границах муниципального района Клявлинский Самарской области на 2014-2027 годы" | B63: =Ведом!D99 -> 1100000000 | D63: =D64 -> 18838 | E63: =E64 -> 0 | F63: =F64 -> 25496 | G63: =G64 -> 0
A64: Закупка товаров, работ и услуг для обеспечения государственных (муниципальных) нужд | B64: 1100000000 | C64: 200 | D64: =D65 -> 18838 | E64: =E65 -> 0 | F64: =F65 -> 25496 | G64: =G65 -> 0
A65: Иные закупки товаров, работ и услуг для обеспечения государственных (муниципальных) нужд | B65: 1100000000 | C65: 240 | D65: =Ведом!F107 -> 18838 | E65: =Ведом!G107 -> 0 | F65: =Ведом!H107 -> 25496 | G65: =Ведом!I107 -> 0
A66: Муниципальная программа "Природоохранные мероприятия на территории муниципального района Клявлинский на 2023-2027 года" | B66: =Ведом!D301 -> 1200000000 | D66: =D67+D69+D71 -> 387.943 | E66: =E67+E69+E71 -> 365.943 | F66: =F67+F69+F71 -> 388.943 | G66: =G67+G69+G71 -> 365.943
A67: Расходы на выплаты персоналу в целях обеспечения выполнения функций государственными (муниципальными) органами, казенными учреждениями, органами управления государственными внебюджетными фондами | B67: 1200000000 | C67: 100 | D67: =D68 -> 343.728 | E67: =E68 -> 343.728 | F67: =F68 -> 343.728 | G67: =G68 -> 343.728
A68: Расходы на выплаты персоналу государственных (муниципальных) органов | B68: 1200000000 | C68: 120 | D68: =Ведом!F303 -> 343.728 | E68: =Ведом!G303 -> 343.728 | F68: =Ведом!H303 -> 343.728 | G68: =Ведом!I303 -> 343.728
A69: Расходы на выплаты персоналу в целях обеспечения выполнения функций государственными (муниципальными) органами, казенными учреждениями, органами управления государственными внебюджетными фондами | B69: 1200000000 | C69: 200 | D69: =D70 -> 22.215 | E69: =E70 -> 22.215 | F69: =F70 -> 22.215 | G69: =G70 -> 22.215
A70: Расходы на выплаты персоналу государственных (муниципальных) органов | B70: 1200000000 | C70: 240 | D70: =Ведом!F305 -> 22.215 | E70: =Ведом!G305 -> 22.215 | F70: =Ведом!H305 -> 22.215 | G70: =Ведом!I305 -> 22.215
A71: Предоставление субсидий бюджетным, автономным учреждениям и иным некоммерческим организациям | B71: 1200000000 | C71: 600 | D71: =D72 -> 22 | E71: =E72 -> 0 | F71: =F72 -> 23 | G71: =G72 -> 0
A72: Субсидии бюджетным учреждениям | B72: 1200000000 | C72: 610 | D72: =Ведом!F354 -> 22 | E72: =Ведом!G354 -> 0 | F72: =Ведом!H354 -> 23 | G72: =Ведом!I354 -> 0
A73: Муниципальная программа "Защита населения и территории муниципального района Клявлинский от чрезвычайных ситуаций, обеспечение пожарной безопасности и безопасности людей на водных объектах на 2021-2027 годы" | B73: 1300000000 | D73: =D74 -> 100 | E73: =E74 -> 0 | F73: =F74 -> 100 | G73: =G74 -> 0
A74: Иные бюджетные ассигнования | B74: 1300000000 | C74: 800 | D74: =D75 -> 100 | E74: =E75 -> 0 | F74: =F75 -> 100 | G74: =G75 -> 0
A75: Резервные средства | B75: 1300000000 | C75: 870 | D75: =Ведом!F350 -> 100 | E75: =Ведом!G350 -> 0 | F75: =Ведом!H350 -> 100 | G75: =Ведом!I350 -> 0
A76: Муниципальная программа "Управление делами в муниципальном районе Клявлинский на 2017-2027 годы" | B76: =Ведом!D355 -> 1400000000 | D76: =D77+D79+D81 -> 22208.675 | E76: =E77+E79+E81 -> 11732.138 | F76: =F77+F79+F81 -> 22208.675 | G76: =G77+G79+G81 -> 11732.138
A77: Расходы на выплаты персоналу в целях обеспечения выполнения функций государственными (муниципальными) органами, казенными учреждениями, органами управления государственными внебюджетными фондами | B77: 1400000000 | C77: 100 | D77: =D78 -> 13600.621 | E77: =E78 -> 3992.794 | F77: =F78 -> 13600.621 | G77: =G78 -> 3992.794
A78: Расходы на выплаты персоналу казенных учреждений | B78: 1400000000 | C78: 110 | D78: =Ведом!F362 -> 13600.621 | E78: =Ведом!G362 -> 3992.794 | F78: =Ведом!H362 -> 13600.621 | G78: =Ведом!I362 -> 3992.794
A79: Закупка товаров, работ и услуг для обеспечения государственных (муниципальных) нужд | B79: 1400000000 | C79: 200 | D79: =D80 -> 8596.812 | E79: =E80 -> 7739.344 | F79: =F80 -> 8596.812 | G79: =G80 -> 7739.344
A80: Иные закупки товаров, работ и услуг для обеспечения государственных (муниципальных) нужд | B80: 1400000000 | C80: 240 | D80: =Ведом!F364+Ведом!F543+Ведом!F553 -> 8596.812 | E80: =Ведом!G364+Ведом!G543+Ведом!G553 -> 7739.344 | F80: =Ведом!H364+Ведом!H543+Ведом!H553 -> 8596.812 | G80: =Ведом!I364+Ведом!I543+Ведом!I553 -> 7739.344
A81: Иные бюджетные ассигнования | B81: 1400000000 | C81: 800 | D81: =D82 -> 11.242 | E81: =E82 -> 0 | F81: =F82 -> 11.242 | G81: =G82 -> 0
A82: Уплата налогов, сборов и иных платежей | B82: 1400000000 | C82: 850 | D82: =Ведом!F366 -> 11.242 | E82: =Ведом!G366 -> 0 | F82: =Ведом!H366 -> 11.242 | G82: =Ведом!I366 -> 0
A83: Муниципальная программа "Поддержка и развитие малого и среднего предпринимательства на территории муниципального района Клявлинский Самарской области" на 2023 - 2027 годы | B83: =Ведом!D112 -> 1700000000 | D83: =D86+D84 -> 608.047 | E83: =E86+E84 -> 0 | F83: =F86+F84 -> 608.047 | G83: =G86+G84 -> 0
A84: Расходы на выплаты персоналу в целях обеспечения выполнения функций государственными (муниципальными) органами, казенными учреждениями, органами управления государственными внебюджетными фондами | B84: 1700000000 | C84: 100 | D84: =D85 -> 563.047 | E84: =E85 -> 0 | F84: =F85 -> 563.047 | G84: =G85 -> 0
A85: Расходы на выплаты персоналу казенных учреждений | B85: 1700000000 | C85: 110 | D85: =Ведом!F371 -> 563.047 | E85: =Ведом!G371 -> 0 | F85: =Ведом!H371 -> 563.047 | G85: =Ведом!I371 -> 0
A86: Предоставление субсидий бюджетным, автономным учреждениям и иным некоммерческим организациям | B86: 1700000000 | C86: 600 | D86: =D87 -> 45 | E86: =E87 -> 0 | F86: =F87 -> 45 | G86: =G87 -> 0
A87: Субсидии некоммерческим организациям (за исключением государственных (муниципальных) учреждений, государственных корпораций (компаний), публично-правовых компаний) | B87: 1700000000 | C87: 630 | D87: =Ведом!F114+Ведом!F443 -> 45 | E87: =Ведом!G114+Ведом!G443 -> 0 | F87: =Ведом!H114+Ведом!H443 -> 45 | G87: =Ведом!I114+Ведом!I443 -> 0
A88: Муниципальная программа "Развитие муниципального управления и эффективная деятельность органов местного самоуправления в муниципальном районе Клявлинский Самарской области на 2024 – 2030 годы" | B88: =Ведом!D288 -> 1800000000 | D88: =D89+D91+D93+D95 -> 25226.481 | E88: =E89+E91+E93+E95 -> 0 | F88: =F89+F91+F93+F95 -> 25231.212 | G88: =G89+G91+G93+G95 -> 0
A89: Расходы на выплаты персоналу в целях обеспечения выполнения функций государственными (муниципальными) органами, казенными учреждениями, органами управления государственными внебюджетными фондами | B89: 1800000000 | C89: 100 | D89: =D90 -> 19805.341 | E89: =E90 -> 0 | F89: =F90 -> 19805.341 | G89: =G90 -> 0
A90: Расходы на выплаты персоналу государственных (муниципальных) органов | B90: 1800000000 | C90: 120 | D90: =Ведом!F288+Ведом!F313 -> 19805.341 | E90: =Ведом!G288+Ведом!G313 -> 0 | F90: =Ведом!H288+Ведом!H313 -> 19805.341 | G90: =Ведом!I288+Ведом!I313 -> 0
A91: Закупка товаров, работ и услуг для обеспечения государственных (муниципальных) нужд | B91: 1800000000 | C91: 200 | D91: =D92 -> 2214.972 | E91: =E92 -> 0 | F91: =F92 -> 2219.703 | G91: =G92 -> 0
A92: Иные закупки товаров, работ и услуг для обеспечения государственных (муниципальных) нужд | B92: 1800000000 | C92: 240 | D92: =Ведом!F315+Ведом!F381 -> 2214.972 | E92: =Ведом!G315+Ведом!G381 -> 0 | F92: =Ведом!H315+Ведом!H381 -> 2219.703 | G92: =Ведом!I315+Ведом!I381 -> 0
A93: Социальное обеспечение и иные выплаты населению | B93: 1800000000 | C93: 300 | D93: =D94 -> 3041.544 | E93: =E94 -> 0 | F93: =F94 -> 3041.544 | G93: =G94 -> 0
A94: Публичные нормативные социальные выплаты гражданам | B94: 1800000000 | C94: 310 | D94: =Ведом!F536 -> 3041.544 | E94: =Ведом!G536 -> 0 | F94: =Ведом!H536 -> 3041.544 | G94: =Ведом!I536 -> 0
A95: Иные бюджетные ассигнования | B95: 1800000000 | C95: 800 | D95: =D96 -> 164.624 | E95: =E96 -> 0 | F95: =F96 -> 164.624 | G95: =G96 -> 0
A96: Уплата налогов, сборов и иных платежей | B96: 1800000000 | C96: 850 | D96: =Ведом!F317+Ведом!F383 -> 164.624 | E96: =Ведом!G317+Ведом!G383 -> 0 | F96: =Ведом!H317+Ведом!H383 -> 164.624 | G96: =Ведом!I317+Ведом!I383 -> 0
A97: Муниципальная программа "Улучшение условий охраны труда в муниципальном районе Клявлинский Самарской области на 2021-2027 годы" | B97: =Ведом!D318 -> 1900000000 | D97: =D99+D101 -> 652.444 | E97: =E99+E101 -> 652.444 | F97: =F99+F101 -> 652.444 | G97: =G99+G101 -> 652.444
A98: Муниципальная программа «Формирование комфортной городской среды на территории муниципального района Клявлинский Самарской области на 2018-2022 годы» | C98: 850 | D98: =Ведом!F126 -> 1961.574 | E98: =Ведом!G126 -> 0 | F98: =Ведом!H126 -> 1961.574 | G98: =Ведом!I126 -> 0
A99: Расходы на выплаты персоналу в целях обеспечения выполнения функций государственными (муниципальными) органами, казенными учреждениями, органами управления государственными внебюджетными фондами | B99: 1900000000 | C99: 100 | D99: =D100 -> 586.48 | E99: =E100 -> 586.48 | F99: =F100 -> 586.48 | G99: =G100 -> 586.48
A100: Расходы на выплаты персоналу казенных учреждений | B100: 1900000000 | C100: 110 | D100: =Ведом!F320 -> 586.48 | E100: =Ведом!G320 -> 586.48 | F100: =Ведом!H320 -> 586.48 | G100: =Ведом!I320 -> 586.48
A101: Закупка товаров, работ и услуг для обеспечения государственных (муниципальных) нужд | B101: 1900000000 | C101: 200 | D101: =D102 -> 65.964 | E101: =E102 -> 65.964 | F101: =F102 -> 65.964 | G101: =G102 -> 65.964
A102: Иные закупки товаров, работ и услуг для обеспечения государственных (муниципальных) нужд | B102: 1900000000 | C102: 240 | D102: =Ведом!F322 -> 65.964 | E102: =Ведом!G322 -> 65.964 | F102: =Ведом!H322 -> 65.964 | G102: =Ведом!I322 -> 65.964
...
